 Dungeon Crawl Stone Soup version 0.26-a0-1132-ge9770dfcb6 (webtiles) character file.

Game seed: 728836000741955059

73816 sahdkjhfkaj the Severer (level 15, -5/132 HPs)
             Began as a Minotaur Gladiator on Dec 19, 2020.
             Was the Champion of Makhleb.
             Slain by a skeletal warrior
             ... wielding a +0 glaive
             ... led by a death knight
              (13 damage)
             ... on level 11 of the Dungeon.
             The game lasted 00:28:03 (24437 turns).

sahdkjhfkaj the Severer (Minotaur Gladiator)       Turns: 24437, Time: 00:28:05

Health: -5/132     AC: 18    Str: 29    XL:     15   Next: 5%
Magic:  20/20      EV: 14    Int:  7    God:    Makhleb [******]
Gold:   1186       SH: 15    Dex: 12    Spells: 14/14 levels left

rFire    + + .     SeeInvis .   a - +0 broad axe
rCold    . . .     Faith    .   e - +0 kite shield
rNeg     + + .     Spirit   .   H - +3 chain mail {rN+}
rPois    +         Reflect  .   c - +0 hat
rElec    .         Harm     .   J - scarf {repulsion}
rCorr    .         Rampage  .   R - +2 pair of gloves
Will     +....                  (no boots)
Stlth    ..........             n - macabre finger necklace {rN+}
HPRegen  0.32/turn              i - ring of poison resistance
MPRegen  0.17/turn              P - ring "Dahamaleo" {*Corrode rF+ Str+4 Slay+5}
                                Q - ring "Nangaho" {rF+ Int+2 Slay+4}

@: about to teleport, slowed, repel missiles, very slow
A: retaliatory headbutt, horns 2
a: Renounce Religion, Minor Destruction, Lesser Servant of Makhleb, Major
Destruction, Greater Servant of Makhleb


You were on level 11 of the Dungeon.
You worshipped Makhleb.
Makhleb was exalted by your worship.
You visited 3 branches of the dungeon, and saw 18 of its levels.
You also visited: Gauntlet.

You collected 1186 gold pieces.

Inventory:

Hand Weapons
 a - a +0 broad axe (weapon)
 b - a +3 flail
Missiles
 d - 8 throwing nets (quivered) {!f}
 f - 6 curare-tipped darts
Armour
 c - a +0 hat (worn)
 e - a +0 kite shield (worn)
 H - a +3 chain mail of positive energy (worn)
 J - a scarf of repulsion (worn)
 R - a +2 pair of gloves (worn)
Jewellery
 i - a ring of poison resistance (left hand)
 n - the macabre finger necklace (around neck) {rN+}
   (You found it on level 4 of the Lair of Beasts)

   [amulet of nothing]

   It protects you from negative energy.
 M - a +6 ring of dexterity
 P - the ring "Dahamaleo" (right hand) {*Corrode rF+ Str+4 Slay+5}
   (You found it in a Gauntlet)

   [ring of protection from fire]

   It affects your strength (+4).
   It affects your accuracy and damage with ranged weapons and melee attacks
   (+5).
   It protects you from fire.
   It may corrode you when you take damage.
 Q - the ring "Nangaho" (on amulet) {rF+ Int+2 Slay+4}
   (You took it off a meliai in a Gauntlet)

   [ring of slaying]

   It affects your intelligence (+2).
   It affects your accuracy and damage with ranged weapons and melee attacks
   (+4).
   It protects you from fire.
Wands
 m - a wand of flame (14)
 o - a wand of digging (10)
 r - a wand of disintegration (8)
 s - a wand of iceblast (11)
 w - a wand of acid (5)
 C - a wand of random effects (18)
 L - a wand of enslavement (5)
 O - a wand of paralysis (2)
Scrolls
 g - 2 scrolls of identify
 j - 5 scrolls of remove curse
 k - 4 scrolls of enchant armour
 u - a scroll of immolation
 v - a scroll of random uselessness {unknown}
 y - 3 scrolls of fog
 D - 7 scrolls of enchant weapon
 F - a scroll of teleportation {!r}
 T - 3 scrolls of fear {unknown}
Potions
 h - a potion of berserk rage {unknown}
 l - 3 potions of haste {unknown}
 p - 3 potions of might
 q - a potion of magic {unknown}
 t - 2 potions of brilliance {unknown}
 x - 4 potions of lignification {unknown}
 z - 5 potions of curing
 A - 5 potions of mutation
 B - 3 potions of resistance
 E - a potion of invisibility {unknown}
 G - 5 potions of flight {unknown}
 I - a potion of ambrosia {unknown}
 K - 3 potions of degeneration {unknown}
 N - a potion of attraction {unknown}


   Skills:
 + Level 11.6 Fighting
 * Level 15.9 Axes
 - Level 2.0 Throwing
 + Level 11.3 Armour
 + Level 11.0 Dodging
 - Level 15.0 Shields
 + Level 8.0 Invocations
 + Level 6.1 Evocations


You had 14 spell levels left.
You didn't know any spells.
Your spell library contained the following spells:

 Spells                   Type           Power        Failure   Level
 Corona                   Hex            0%           87%         1
 Freeze                   Ice            0%           87%         1
 Summon Small Mammal      Summ           0%           87%         1
 Corpse Rot               Necr/Air       N/A          95%         2
 Ensorcelled Hibernation  Hex/Ice        0%           95%         2
 Sublimation of Blood     Necr           0%           95%         2
 Confusing Touch          Hex            0%           99%         3
 Dazzling Flash           Conj/Hex       0%           99%         3
 Gell's Gravitas          Tloc           0%           99%         3
 Stone Arrow              Conj/Erth      0%           99%         3
 Tukima's Dance           Hex            0%           99%         3
 Dispel Undead            Necr           0%           100%        4
 Petrify                  Tmut/Erth      0%           100%        4
 Summon Lightning Spire   Summ/Air       0%           100%        4
 Agony                    Necr           0%           100%        5
 Excruciating Wounds      Necr           0%           100%        5
 Metabolic Englaciation   Hex/Ice        0%           100%        5
 Summon Forest            Summ/Tloc      0%           100%        5
 Summon Mana Viper        Hex/Summ       0%           100%        5
 Yara's Violent Unravell  Hex/Tmut       0%           100%        5
 Eringya's Noxious Bog    Tmut/Pois      0%           100%        6
 Hydra Form               Tmut           0%           100%        6
 Summon Hydra             Summ           0%           100%        7
 Dragon's Call            Summ           0%           100%        9


Dungeon Overview and Level Annotations

Branches:
Dungeon (11/15)            Temple (1/1) D:6            Lair (6/6) D:11
 Shoals (0/4) Lair:4       Spider (0/4) Lair:4        Slime (0/5) Lair:6
    Orc (0/2) D:10        Gauntlet (visited)

Altars:
Ashenzari
Cheibriados
Dithmenos
Elyvilon
Fedhas
Gozag
Hepliaklqana
Kikubaaqudgha
Makhleb
Nemelex Xobeh
Okawaru
Qazlal
Ru
Sif Muna
Trog
Uskayaw
Vehumet
Wu Jian
Xom
Yredelemnul
Zin
The Shining One
Beogh
Jiyva

Annotations:
D:7 2 transporters, bande's ghost, novice GrFi
Lair:1 exclusion: 4 oklob plants


Innate Abilities, Weirdness & Mutations

You reflexively headbutt those who attack you in melee.
You have a pair of horns on your head.


Message History

Makhleb accepts your kill.
The phantasmal warrior closely misses you.
The skeletal warrior hits you from afar with a +0 glaive!
You slash the phantasmal warrior!
You headbutt the phantasmal warrior, but do no damage.
The phantasmal warrior is almost destroyed.
The phantasmal warrior hits you but does no damage.
The skeletal warrior hits you from afar with a +0 glaive!
The phantasmal warrior hits you!!
* * * LOW HITPOINT WARNING * * *
Okay, then.
Okay, then.
Really read
F - 2 scrolls of teleportation {!r}?
As you read the scroll of teleportation {!r}, it crumbles to dust.
You feel strangely unstable.
The skeletal warrior is no longer covered in acid.
The phantasmal warrior hits you!
* * * LOW HITPOINT WARNING * * *
The skeletal warrior hits you from afar with a +0 glaive!
You die...

.. ..# ...# ##### ..##
##...## ##
...##.....##...
##z........#.##.
#..)W........# . .
#.#.@.......# #. ##
#.........## #.###.
###.#...?.## #.....
#........#####.#...
#...........##.#..(
.......$...##........
#.##..................
# #.##...##......(...
... ######..........


You could see a skeletal warrior and a phantasmal warrior.

Vanquished Creatures
  Nessos (Lair:4)
  4 entropy weavers (Lair:4)
  A minotaur (Gauntlet)
  7 hydras
  Fannar (D:10)
  2 boulder beetles
  Harold (D:9)
  A death knight (D:11)
  3 ghost crabs (Lair:4)
  5 two-headed ogres
  4 death yaks (Lair:5)
  Nergalle (D:10)
  6 fire crabs (Lair:4)
  The ghost of Tarl the Chopper, a novice DDFi (D:5)
  Pikel (D:3)
  2 orc knights (D:10)
  A manticore (D:8)
  A cyclops (D:11)
  21 elephants
  Psyche (D:10)
  2 black mambas
  An apocalypse crab (Lair:4)
  30 cane toads
  Maggie (D:6)
  3 rime drakes
  2 minotaur zombies (Gauntlet)
  A freezing wraith (D:11)
  5 komodo dragons
  An ice devil (Gauntlet)
  3 meliai (Gauntlet)
  A hornet (D:7)
  2 trolls
  2 polar bears
  5 tyrant leeches (Lair:6)
  A raiju (Gauntlet)
  18 blink frogs
  A slime creature (D:8)
  A wraith (D:11)
  4 basilisks
  3 wyverns
  37 yaks
  2 steam dragons
  6 vampire mosquitoes (Lair:6)
  Edmund (D:6)
  An acid dragon (D:11)
  13 water moccasins
  Duvessa (D:4)
  5 ice beasts
  A sky beast (D:9)
  8 orc warriors
  3 black bears
  A hornet zombie (D:8)
  9 ogres
  2 phantoms (D:8)
  7 centaurs
  18 wolves
  2 big kobolds (D:10)
  2 lemures (D:3)
  Blork the orc (D:6)
  31 bullfrogs
  2 wyvern zombies
  Dowan (D:4)
  A water moccasin skeleton (D:6)
  A wyvern skeleton (D:9)
  3 scorpions
  5 killer bees
  9 wights
  7 howler monkeys
  6 centaur zombies
  4 jellies
  2 bullfrog zombies (D:6)
  A quasit (D:8)
  6 hounds
  12 orc priests
  2 centaur skeletons
  3 bullfrog skeletons
  15 orc wizards
  3 iguanas
  12 worker ants
  5 hell rats (Lair:2)
  2 killer bee zombies
  2 hound skeletons
  Robin (D:4)
  6 gnolls (D:10)
  2 howler monkey skeletons (D:6)
  6 worker ant zombies
  11 adders
  2 river rats (Lair:2)
  7 white imps
  2 ufetubi (D:8)
  An adder skeleton (D:6)
  5 adder zombies
  3 worms
  A dart slug (D:2)
  5 leopard geckos
  52 orcs
  6 giant cockroaches
  23 goblins
  8 hobgoblins
  18 jackals
  5 quokkas
  A ball python skeleton (D:5)
  10 bats
  6 frilled lizards
  A giant cockroach zombie (D:6)
  2 jackal skeletons (D:6)
  19 kobolds
  2 leopard gecko skeletons
  A quokka zombie (D:6)
  14 rats
627 creatures vanquished.

Vanquished Creatures (collateral kills)
  A hydra (Lair:2)
  A cane toad (Lair:2)
  A bullfrog (Lair:2)
3 creatures vanquished.

Vanquished Creatures (others)
  23 demonic plants (Gauntlet)
  65 fungi
  145 plants
  3 withered plants (D:6)
236 creatures vanquished.

Grand Total: 866 creatures vanquished

Notes
Turn   | Place    | Note
-------+----------+-------------------------------------------
     0 | D:1      | sahdkjhfkaj the Minotaur Gladiator began the quest for the
                  | Orb.
     0 | D:1      | Reached XP level 1. HP: 18/18 MP: 0/0
    62 | D:1      | Reached XP level 2. HP: 20/25 MP: 1/1
   247 | D:1      | Reached skill level 1 in Armour
   406 | D:1      | Reached XP level 3. HP: 30/30 MP: 2/2
  1222 | D:2      | Reached XP level 4. HP: 38/38 MP: 3/3
  1406 | D:2      | Reached skill level 5 in Axes
  2098 | D:3      | Reached XP level 5. HP: 44/45 MP: 4/4
  2250 | D:3      | Found a white marble altar of Elyvilon.
  2696 | D:4      | Noticed Duvessa
  2696 | D:4      | Noticed Dowan
  2706 | D:4      | Killed Duvessa
  2707 | D:4      | Reached XP level 6. HP: 52/52 MP: 5/5
  2710 | D:4      | Killed Dowan
  2883 | D:4      | Noticed Pikel
  2899 | D:4      | Found a hide-covered altar of Uskayaw.
  2905 | D:4      | Found a shimmering blue altar of Sif Muna.
  3173 | D:3      | Reached XP level 7. HP: 43/60 MP: 6/6
  3263 | D:3      | Killed Pikel
  3264 | D:3      | Reached skill level 5 in Fighting
  3264 | D:3      | Reached skill level 5 in Dodging
  3350 | D:4      | Reached XP level 8. HP: 48/69 MP: 7/7
  3474 | D:4      | Noticed Robin
  3486 | D:4      | Killed Robin
  3494 | D:4      | Reached skill level 5 in Armour
  3862 | D:4      | Found a shadowy altar of Dithmenos.
  4183 | D:5      | Entered Level 5 of the Dungeon
  4458 | D:5      | Reached skill level 1 in Evocations
  4942 | D:5      | Found a runed translucent gate.
  4942 | D:5      | Found a runed translucent gate.
  4944 | D:5      | Found a runed translucent gate.
  4944 | D:5      | Noticed Tarl's ghost (novice DDFi)
  5026 | D:5      | Killed Tarl's ghost
  5370 | D:6      | Reached XP level 9. HP: 57/78 MP: 5/8
  5801 | D:6      | Noticed Blork the orc
  5806 | D:6      | Killed Blork the orc
  5807 | D:6      | Reached skill level 10 in Axes
  5816 | D:6      | Found a sparkling altar of Nemelex Xobeh.
  5880 | D:6      | Found a hazy altar of Hepliaklqana.
  5904 | D:6      | Found a staircase to the Ecumenical Temple.
  5931 | Temple   | Entered the Ecumenical Temple
  6287 | Temple   | Became a worshipper of Makhleb the Destroyer
  6464 | D:6      | Noticed Edmund
  6476 | D:6      | Killed Edmund
  6488 | D:6      | Found a snail-covered altar of Cheibriados.
  6495 | D:6      | Reached skill level 1 in Invocations
  6948 | D:6      | Noticed Maggie
  6948 | D:6      | Reached * piety under Makhleb
  6967 | D:6      | Killed Maggie
  7485 | D:7      | Reached XP level 10. HP: 72/85 MP: 7/10
  7559 | D:7      | Found a transporter.
  7561 | D:7      | Noticed a boulder beetle
  7566 | D:7      | Noticed bande's ghost (novice GrFi)
  7567 | D:7      | Found a transporter.
  8271 | D:8      | Noticed a two-headed ogre
  8281 | D:8      | Killed a two-headed ogre
  8322 | D:8      | Noticed a two-headed ogre
  8337 | D:7      | Reached ** piety under Makhleb
  8584 | D:8      | Noticed a manticore
  8721 | D:8      | Killed a manticore
  9007 | D:8      | Found a sparkling altar of Nemelex Xobeh.
  9043 | D:8      | Reached *** piety under Makhleb
  9256 | D:8      | Killed a two-headed ogre
  9257 | D:8      | Reached XP level 11. HP: 77/95 MP: 10/12
  9975 | D:9      | Found a glowing golden altar of the Shining One.
 10019 | D:9      | Noticed a two-headed ogre
 10030 | D:9      | Killed a two-headed ogre
 10504 | D:9      | Noticed Harold
 10519 | D:9      | Killed Harold
 10520 | D:9      | Reached skill level 5 in Evocations
 11127 | D:9      | Noticed a two-headed ogre
 11139 | D:9      | Killed a two-headed ogre
 11331 | D:10     | Entered Level 10 of the Dungeon
 11337 | D:10     | Noticed Fannar
 11766 | D:10     | Killed Fannar
 12024 | D:10     | Reached **** piety under Makhleb
 12066 | D:10     | Reached skill level 5 in Invocations
 12097 | D:10     | Noticed Nergalle
 12107 | D:10     | Killed Nergalle
 12211 | D:10     | Found a roughly hewn altar of Beogh.
 12212 | D:10     | Noticed an orc knight
 12212 | D:10     | Noticed an orc knight
 12259 | D:10     | Found a staircase to the Orcish Mines.
 12259 | D:10     | Noticed an orc knight
 12580 | D:10     | Killed an orc knight
 12850 | D:10     | Noticed Psyche
 12861 | D:10     | Killed Psyche
 12926 | D:10     | Killed an orc knight
 12927 | D:10     | Reached XP level 12. HP: 84/106 MP: 9/15
 13143 | D:11     | Noticed a two-headed ogre
 13148 | D:11     | Killed a two-headed ogre
 13180 | D:11     | Found a staircase to the Lair.
 13209 | D:11     | Reached skill level 10 in Fighting
 13272 | Lair:1   | Entered Level 1 of the Lair of Beasts
 13446 | Lair:1   | Reached ***** piety under Makhleb
 14055 | Lair:1   | Identified the Handbook of the Creative Glacier
 14591 | Lair:2   | Noticed a boulder beetle
 15003 | Lair:1   | Reached skill level 10 in Armour
 15244 | Lair:1   | Killed a boulder beetle
 16116 | Lair:2   | Noticed a four-headed hydra
 16125 | Lair:2   | Killed a four-headed hydra
 16126 | Lair:2   | Reached skill level 10 in Dodging
 16132 | Lair:2   | Noticed an eight-headed hydra
 16158 | Lair:2   | Killed an eight-headed hydra
 16734 | Lair:2   | Reached XP level 13. HP: 106/115 MP: 12/17
 17234 | Lair:2   | Got a smoking chain mail
 17244 | Lair:2   | Identified the +3 chain mail of the Villain {rPois Will-
                  | Regen+} (You found it on level 2 of the Lair of Beasts)
 17281 | Lair:3   | Reached skill level 15 in Axes
 17371 | Lair:3   | Reached skill level 5 in Shields
 17472 | Lair:3   | You fall into a shaft and drop 3 floors!
 17472 | Lair:6   | Entered Level 6 of the Lair of Beasts
 17517 | Lair:6   | Found a viscous altar of Jiyva.
 17519 | Lair:6   | Found a staircase to the Slime Pits.
 18315 | Lair:4   | Found a staircase to the Shoals.
 18325 | Lair:4   | Found a gate leading to a gauntlet.
 18330 | Gauntlet | Entered a Gauntlet
 18330 | Gauntlet | Found a transporter.
 18330 | Gauntlet | Found a transporter.
 18334 | Gauntlet | Found a transporter.
 18334 | Gauntlet | Found a transporter.
 18358 | Gauntlet | Found a transporter.
 18364 | Gauntlet | Found a large runed translucent door.
 18365 | Gauntlet | Found a large runed translucent door.
 18366 | Gauntlet | Identified the ring "Nangaho" {rF+ Int+2 Slay+4}
 18367 | Gauntlet | Found a runed translucent gate.
 18368 | Gauntlet | Found a transporter.
 18368 | Gauntlet | Found a transporter.
 18368 | Gauntlet | Found a runed translucent gate.
 18369 | Gauntlet | Found a runed translucent gate.
 18371 | Gauntlet | Found a large runed translucent door.
 18372 | Gauntlet | Found a large runed translucent door.
 18374 | Gauntlet | Noticed a dire elephant
 18384 | Gauntlet | Found a large runed translucent door.
 18384 | Gauntlet | Found a large runed translucent door.
 18385 | Gauntlet | Found a large runed translucent door.
 18385 | Gauntlet | Found a large runed translucent door.
 18392 | Gauntlet | Found a transporter.
 18395 | Gauntlet | Found a large runed translucent door.
 18395 | Gauntlet | Found a large runed translucent door.
 18395 | Gauntlet | Found a runed translucent door.
 18395 | Gauntlet | Found a runed translucent door.
 18396 | Gauntlet | Found a large runed translucent door.
 18397 | Gauntlet | Found a large runed translucent door.
 18399 | Gauntlet | Found a transporter.
 18411 | Gauntlet | Found a transporter.
 18429 | Gauntlet | Found a transporter.
 18467 | Gauntlet | Found a transporter.
 18481 | Gauntlet | Found a transporter.
 18499 | Gauntlet | Found a large runed translucent door.
 18499 | Gauntlet | Found a large runed translucent door.
 18500 | Gauntlet | Found a large runed translucent door.
 18501 | Gauntlet | Found a large runed translucent door.
 18577 | Gauntlet | Found a transporter.
 18586 | Gauntlet | Found a transporter.
 18600 | Gauntlet | Found a transporter.
 18757 | Gauntlet | Got a vibrating tin ring
 18759 | Gauntlet | Identified the ring "Dahamaleo" {*Corrode rF+ Str+4 Slay+5}
                  | (You found it in a Gauntlet)
 18820 | Gauntlet | Reached skill level 10 in Shields
 18905 | Gauntlet | Noticed a minotaur
 18913 | Gauntlet | Killed a minotaur
 19920 | Lair:4   | Found a hole to the Spider Nest.
 20057 | Lair:4   | Found a white marble altar of Elyvilon.
 20143 | Lair:4   | Found a runed translucent door.
 20189 | Lair:4   | Noticed Nessos
 20202 | Lair:4   | Killed Nessos
 20354 | Lair:4   | Reached XP level 14. HP: 124/124 MP: 18/18
 22274 | Lair:4   | Found the macabre finger necklace {rN+}
 22445 | Lair:5   | Reached skill level 15 in Shields
 23050 | Lair:6   | Reached ****** piety under Makhleb
 24372 | D:11     | Reached XP level 15. HP: 130/130 MP: 19/19
 24437 | D:11     | Slain by a skeletal warrior

Illustrated notes

Levels and vault maps discovered:
D:1:      grunt_arrival_crossed_arrows, layout_basic
D:2:      layout_basic, st_stairs_4, minmay_statues_item
D:3:      layout_basic, elyvilon_altar_1
D:4:      layout_gridville, grunt_temple_overflow_open,
          kennysheep_generic_room_6, uniq_duvessa, uniq_pikel, uniq_robin
D:5:      layout_basic, gammafunk_ghost_necromancy
D:6:      layout_basic, nemelex_altar_shiori, kennysheep_mini_moat,
          minmay_temple_entry_mist, serial_undead, serial_undead_a,
          serial_undead_a, serial_undead_a, serial_undead_a, serial_undead_b,
          serial_undead_e, serial_undead_e, basic_altar, uniq_edmund,
          uniq_maggie, uniq_blork_the_orc
D:7:      layout_gridville, gammafunk_ghost_arena
D:8:      minmay_the_grid_octo_tiled_squarecenter
          [minmay_the_grid_octo_pinwheel, minmay_the_grid_octo_checkerflower,
          minmay_the_grid_octo_vomiting_pacman,
          minmay_the_grid_octo_thin_diamonds,
          minmay_the_grid_square_5x5_megaprize_open,
          minmay_the_grid_square_5x5_forky, minmay_the_grid_square_5x5_dogpile,
          minmay_the_grid_square_5x5_two_walls_b,
          minmay_the_grid_square_5x5_hourglass], layout_cave_pools,
          minmay_chambers_of_fives
D:9:      layout_basic, basic_altar, glass_columns_b,
          kennysheep_generic_room_15, uniq_harold
D:10:     layout_long_grid, david_orc_5, uniq_fannar, uniq_psyche, uniq_nergalle
D:11:     layout_rooms, david_lair_generic
Temple:   regret_index_temple_sphere_string
Lair:1:   layout_layer_cave, minmay_lair_oklob_chamber, serial_bayou_shore_a,
          grunt_megastairs_2
Lair:2:   layout_regular_city, kennysheep_abandoned_house
Lair:3:   layout_cave_pods
Lair:4:   gammafunk_mikee_crab_dinner, layout_regular_city,
          minmay_shoals_entry_centaurs, spider_nest_entry_web_field,
          gauntlet_entry_generic, basic_altar, lemuel_fruit_tree, uniq_nessos
Lair:5:   layout_cave_pods
Lair:6:   minmay_lair_end_frog_pond, layout_layer_cave, slime_altar_1,
          columned_hall_lemuel, grunt_megastairs_3

Skill      XL: |  1  2  3  4  5  6  7  8  9 10 11 12 13 14 15 |
---------------+----------------------------------------------+-----
Axes           | 4 5 6 8 9 10 11 13 14 15 | 15.9
Armour         | 1 2 3 4 5 7 8 9 10 11 | 11.3
Fighting       | 3 4 5 6 7 8 9 10 11 | 11.6
Dodging        | 4 5 6 7 8 9 10 11 | 11.0
Evocations     | 2 3 4 5 6 |  6.1
Invocations    | 2 3 5 7 8 |  8.0
Shields        | 4 13 15 | 15.0
Throwing       | |  2.0

Action                   |  1- 3 |  4- 6 |  7- 9 | 10-12 | 13-15 || total
-------------------------+-------+-------+-------+-------+-------++-------
Melee: War axe           |    80 |   138 |   228 |   136 |       ||   582
       Headbutt          |    13 |    19 |    50 |   192 |   153 ||   427
       Broad axe         |       |       |       |   573 |   546 ||  1119
       Flail             |       |       |       |    10 |    36 ||    46
Throw: Dart              |       |     2 |     3 |     3 |       ||     8
       Throwing net      |       |       |     1 |       |       ||     1
Invok: Lesser Servant of |       |       |       |     2 |     2 ||     4
Evoke: Wand              |       |       |     5 |    25 |    30 ||    60
  Use: Scroll            |       |     6 |     7 |     5 |     3 ||    21
       Potion            |       |       |       |     3 |     1 ||     4
 Stab: Held in net/web   |       |       |     1 |       |       ||     1
       Paralysed         |       |       |       |    13 |     6 ||    19
Armor: Leather armour    |    18 |       |       |       |       ||    18
       Chain mail        |     6 |    73 |   122 |       |   187 ||   388
       Plate armour      |       |       |    24 |   314 |   109 ||   447
Dodge: Dodged            |    80 |    94 |   165 |   415 |   352 ||  1106
       Repelled          |       |       |       |     2 |     5 ||     7
Block: Buckler           |       |       |       |   157 |     7 ||   164
       Kite shield       |       |       |       |       |   492 ||   492

Table legend: (Time is in decaauts)
 A = Elapsed time spent in this place.
 B = Non-inter-level travel time spent in this place.
 C = Inter-level travel time spent in this place.
 D = Time resting spent in this place.
 E = Time spent auto-exploring this place.
 F = Levels seen in this place.
 G = Mean time per level.
                   A        B        C        D        E       F      G
               +--------+--------+--------+--------+--------+-----+--------+
         Total |  24532 |  23774 |    758 |   3631 |  16046 |  19 | 1291.2 |
       Dungeon |  13112 |  12778 |    334 |   1890 |   8488 |  11 | 1192.0 |
        Temple |    381 |    306 |     75 |      0 |    300 |   1 |  381.0 |
          Lair |  10358 |  10009 |    349 |   1580 |   6964 |   6 | 1726.3 |
      Gauntlet |    679 |    679 |      0 |    161 |    294 |   1 |  679.0 |
               +--------+--------+--------+--------+--------+-----+--------+

Top non-repeatable levels by time:
  Lair:1: 2818 daAuts
  Lair:4: 2200 daAuts
     D:9: 2122 daAuts
     D:6: 1537 daAuts
     D:7: 1428 daAuts
  Lair:3: 1410 daAuts
  Lair:6: 1356 daAuts
  Lair:5: 1334 daAuts
     D:4: 1284 daAuts
  Lair:2: 1237 daAuts
    D:10: 1214 daAuts
     D:5: 1180 daAuts
     D:3: 1152 daAuts
     D:2: 1122 daAuts
     D:8: 1098 daAuts
